 Dungeon Crawl Stone Soup version 0.29.1-1-gd02db6906a (webtiles) character file.

Game seed: 4141881836572599017

190 hawla the Conjurer (level 5, -26/40 HPs)
             Began as a Draconian Conjurer on Sept 29, 2022.
             Annihilated by an ogre
             ... wielding a +0 giant club
              (27 damage)
             ... on level 4 of the Dungeon.
             The game lasted 00:08:09 (3003 turns).

hawla the Conjurer (Draconian Conjurer)             Turns: 3003, Time: 00:08:10

Health: -26/40     AC:  6    Str:  9    XL:     5   Next: 41%
Magic:  1/10       EV: 12    Int: 21    God:
Gold:   62         SH:  0    Dex:  9    Spells: 3/10 levels left

rFire   . . .      SeeInvis .   (no weapon)
rCold   . . .      Faith    .   (no shield)
rNeg    . . .      Spirit   .   (body armour unavailable)
rPois   .          Reflect  .   (helmet restricted)
rElec   .          Harm     .   (no cloak)
rCorr   .          Rampage  .   (no gloves)
Will    .....                   f - +0 pair of boots
Stlth   ++........              (no amulet)
HPRegen 0.13/turn               (no ring)
MPRegen 0.12/turn               (no ring)

@: attractive
A: AC +5, unfitting armour, cold-blooded
a: no special abilities


You were on level 4 of the Dungeon.
You visited 1 branch of the dungeon, and saw 4 of its levels.

You collected 62 gold pieces.

Inventory:

Armour
 f - a +0 pair of boots (worn)
Jewellery
 c - a ring of flight
 d - a +6 ring of intelligence
Potions
 a - a potion of ambrosia
 b - a potion of attraction
 e - a potion of brilliance


   Skills:
 + Level 1.1 Fighting
 + Level 2.5 Dodging
 + Level 2.4 Stealth
 + Level 3.3 Spellcasting
 + Level 5.2 Conjurations


You had 3 spell levels left.
You knew the following spells:

 Your Spells              Type           Power      Damage    Failure   Level
a - Magic Dart            Conj           100%       1d8       1%          1
b - Searing Ray           Conj           50%        2d6       2%          2
c - Iskenderun's Mystic   Conj/Tloc      14%        2d5       41%         4

Your spell library contained the following spells:

 Spells                   Type           Power      Damage    Failure   Level
 Dazzling Flash           Conj/Hex       28%        N/A       13%         3
 Portal Projectile        Hex/Tloc       6%         N/A       36%         3
 Tukima's Dance           Hex            3%         N/A       36%         3
 Fulminant Prism          Conj/Hex       7%         3d7       41%         4
 Blade Hands              Tmut           1%         N/A       98%         5


Dungeon Overview and Level Annotations

Branches:
Dungeon (4/15)
 Temple: D:4-7

Altars:


Innate Abilities, Weirdness & Mutations

Your plain brown scales are hard. (AC +5)
You cannot fit into any form of body armour.
You are cold-blooded and may be slowed by cold attacks.


Message History

The ogre is moderately wounded.
The ogre closely misses you.
Unknown command.
Casting: Iskenderun's Mystic Blast (extremely dangerous; 41% risk of failure)
Confirm with . or Enter, or press ? or * to list all spells.
Aiming: Magic Dart (safe; 1% risk of failure)
Press: ? - help, Shift-Dir - straight line, f - ogre
Aim: an ogre, wielding a +0 giant club (moderately wounded, 100% to hit)
The magic dart hits the ogre.
The ogre is heavily wounded.
The ogre hits you with a +0 giant club. The ogre is attracted toward you.
You see here a +0 club.
The ogre attacks as you move away! The ogre closely misses you.
The ogre attacks as you move away! The ogre hits you with a +0 giant club!
The ogre is attracted toward you. The ogre attacks as you move away!
The ogre misses you.
Casting: Magic Dart (safe; 1% risk of failure)
Confirm with . or Enter, or press ? or * to list all spells.
Aiming: Magic Dart (safe; 1% risk of failure)
Press: ? - help, Shift-Dir - straight line, f/p - ogre
Aim: an ogre, wielding a +0 giant club (heavily wounded, 100% to hit)
The magic dart hits the ogre.
The ogre is severely wounded.
The ogre closely misses you. The ogre is attracted toward you.
The ogre attacks as you move away!
The ogre hits you with a +0 giant club!!
Ouch! That really hurt!
* * * LOW HITPOINT WARNING * * *
Casting: Magic Dart (safe; 1% risk of failure)
Confirm with . or Enter, or press ? or * to list all spells.
Aiming: Magic Dart (safe; 1% risk of failure)
Press: ? - help, Shift-Dir - straight line, f/p - ogre
Aim: an ogre, wielding a +0 giant club (severely wounded, 100% to hit)
The magic dart hits the ogre.
The ogre is almost dead.
The ogre hits you with a +0 giant club!!
Ouch! That really hurt!
You die...

*,* ****#,,*#.# *
*,* *^*,#.,*#.# *
*,**
*******+*+#P.##.#
* *,,*
*,,,,,*,,,+.....#
**,*
*,*****,,,*,,*#†#
*,* *,*
*,,,*,,*#.# *,*
#,* *****,,*#†#
*,*
#.##########**#.#
*,* #..@O......#
#.# *,*
##########.# #.#
*<* ##########.#
#.# *,*
#.)........# #.#
****,*
#.########## #.#
*,,,,* #§# #.#
*,**** #.# #.#
*,* ##.## #.# *,*
#...#### #.####


You could see an ogre.

Vanquished Creatures
  An ogre (D:4)
  Robin (D:2)
  An adder (D:2)
  A worm (D:2)
  3 dart slugs (D:1)
  An orc (D:3)
  4 bats
  6 giant cockroaches
  16 goblins
  10 hobgoblins
  4 jackals (D:1)
  6 kobolds
  A quokka (D:2)
  6 ball pythons
  3 frilled lizards
  8 rats
72 creatures vanquished.

Notes
Turn   | Place    | Note
-------+----------+-------------------------------------------
     0 | D:1      | hawla the Draconian Conjurer began the quest for the Orb.
     0 | D:1      | Reached XP level 1. HP: 14/14 MP: 3/3
   277 | D:1      | Reached XP level 2. HP: 10/20 MP: 0/5
   617 | D:1      | Learned a level 2 spell: Searing Ray
   993 | D:1      | Reached XP level 3. HP: 26/26 MP: 2/6
  1087 | D:1      | Found a faded altar of an unknown god.
  1707 | D:2      | Noticed Robin
  1783 | D:2      | Killed Robin
  1952 | D:2      | Reached XP level 4. HP: 34/34 MP: 1/8
  2858 | D:3      | Learned a level 4 spell: Iskenderun's Mystic Blast
  2878 | D:3      | You fall into a shaft and drop 1 floor!
  2919 | D:4      | Noticed an ogre
  2923 | D:4      | Killed an ogre
  2924 | D:4      | Reached skill level 1 in Fighting
  2924 | D:4      | Reached skill level 5 in Conjurations
  2924 | D:4      | Reached XP level 5. HP: 40/40 MP: 0/10
  2939 | D:4      | Noticed an ogre
  3002 | D:4      | HP: 1/40 [ogre/+0 giant club (26)]
  3003 | D:4      | Annihilated by an ogre

Illustrated notes

Levels and vault maps discovered:
D:1:      dpeg_arrival_houses_and_road, layout_loops_ring,
          chequers_ecumenical_altar_twisty
D:2:      layout_basic, minmay_pentomino_t4, uniq_robin
D:3:      layout_rooms, grunt_temple_overflow_champion_of_chaos, nicolae_titane
D:4:      layout_loops_ring, gup_sewer_entry_bowl, cheibrodos_gnoll_hut,
          uniq_edmund

Skill      XL: |  1  2  3  4 |
---------------+-------------+-----
Stealth        | 2 |  2.4
Dodging        | 2 |  2.5
Spellcasting   | 3 |  3.3
Fighting       | 1 |  1.1
Conjurations   | 5 |  5.2

Action                   |  1- 3 |  4- 6 || total
-------------------------+-------+-------++-------
Melee: Unarmed           |    65 |    13 ||    78
       Tailslap          |     8 |     1 ||     9
       Punch             |     2 |       ||     2
 Cast: Magic Dart        |    37 |    24 ||    61
       Searing Ray       |    13 |    16 ||    29
       Iskenderun's Myst |       |     2 ||     2
  Use: Potion            |     2 |     1 ||     3
       Scroll            |     6 |     2 ||     8
 Stab: Invisible         |     1 |       ||     1
Armor: Skin              |    41 |     6 ||    47
Dodge: Dodged            |    71 |    23 ||    94
